 Dungeon Crawl Stone Soup version 0.28.0-1-gb440e238dd (webtiles) character file.

Game seed: 13082870296235584724

57 H0rd4k the Magician (level 3, -5/19 HPs)
             Began as a Deep Elf Hedge Wizard on Feb 22, 2022.
             Killed from afar by a dart slug (6 damage)
             ... with a slug dart
             ... on level 2 of the Dungeon.
             The game lasted 00:01:29 (1634 turns).

H0rd4k the Magician (Deep Elf Hedge Wizard)         Turns: 1634, Time: 00:01:30

Health: -5/19      AC:  2    Str:  7    XL:     3   Next: 73%
Magic:  0/12       EV: 12    Int: 20    God:
Gold:   62         SH:  0    Dex: 14    Spells: 5/14 levels left

rFire   . . .      SeeInvis .   a - +0 dagger
rCold   . . .      Faith    .   (no shield)
rNeg    . . .      Spirit   .   b - +0 robe
rPois   .          Reflect  .   c - +0 hat
rElec   .          Harm     .   (no cloak)
rCorr   .          Rampage  .   (no gloves)
Will    .....                   (no boots)
Stlth   ++........              (no amulet)
HPRegen 0.06/turn               (no ring)
MPRegen 0.13/turn               (no ring)

@: no status effects
A: no striking features
a: no special abilities


You were on level 2 of the Dungeon.
You visited 1 branch of the dungeon, and saw 2 of its levels.

You collected 62 gold pieces.

Inventory:

Hand Weapons
 a - a +0 dagger (weapon)
Armour
 b - a +0 robe (worn)
 c - a +0 hat (worn)
Scrolls
 d - a scroll of fog {unknown}
 e - a scroll of brand weapon {unknown}
 g - a scroll of magic mapping {unknown}
Potions
 f - 2 potions of invisibility {unknown}


   Skills:
 + Level 2.7 Dodging
 - Level 2.4 Stealth
 + Level 6.0 Spellcasting
 + Level 1.7 Conjurations
 + Level 1.1 Summonings
 + Level 1.1 Translocations
 * Level 0.1 Fire Magic
 * Level 0.2 Air Magic
 * Level 0.3 Poison Magic


You had 5 spell levels left.
You knew the following spells:

 Your Spells              Type           Power      Damage    Failure   Level
a - Magic Dart            Conj           52%        1d5       4%          1
b - Blink                 Tloc           20%        N/A       10%         2
c - Conjure Flame         Conj/Fire      9%         6-21      22%         3
d - Mephitic Cloud        Conj/Pois/Air  9%         N/A       22%         3

Your spell library contained the following spells:

 Spells                   Type           Power      Damage    Failure   Level
 Call Imp                 Summ           10%        N/A       10%         2
 Slow                     Hex            24%        N/A       11%         1
 Ozocubu's Armour         Ice            6%         N/A       30%         3
 Summon Ice Beast         Ice/Summ       8%         N/A       63%         4
 Summon Mana Viper        Hex/Summ       8%         N/A       93%         5
 Monstrous Menagerie      Summ           5%         N/A       100%        7
 Ozocubu's Refrigeration  Ice            3%         4d5       100%        7


Dungeon Overview and Level Annotations

Branches:
Dungeon (2/15)

Altars:

Annotations:
D:1 exclusion: downstairs


Message History

The adder bites you.
The magic dart hits the adder.
The adder is severely wounded.
The adder misses you. The adder barely misses you.
The magic dart hits the adder.
The adder is almost dead.
The adder bites you.
The magic dart hits the adder.
The adder is almost dead.
The adder bites you.
You are poisoned.
The adder poisons you!
The magic dart hits the adder.
You kill the adder!
You feel sick. The dart slug launches a dart at you. The slug dart hits you.
Your Spellcasting skill increases to level 6!
You are too injured to fight recklessly!
Unknown command.
You feel sick.
You feel sick.
You feel sick. The dart slug launches a dart at you. The slug dart hits you.
* * * LOW HITPOINT WARNING * * *
You are too injured to fight recklessly!
Casting: Magic Dart (safe; 4% risk of failure)
Confirm with . or Enter, or press ? or * to list all spells.
Aiming: Magic Dart (safe; 4% risk of failure)
Press: ? - help, Shift-Dir - straight line, f - dart slug
Aim: a dart slug (heavily wounded, 100% to hit)
The magic dart hits the dart slug.
The dart slug is severely wounded.
* * * LOW HITPOINT WARNING * * *
You feel sick.
You are no longer poisoned.
The dart slug launches a dart at you. The slug dart hits you.
You die...

###...# #..(#.#
.. #.#...# ...
#.##### #.#.#
#.# #.#.# #.#
#.#.# #.# #.#.##
### #.#
#....######.....
#.#
#....@...w...#
#.#
##...#####......
#.#########
##.## #.##.
#.........# #.#
.. #########.#
#.# .
#.####.#######
#.............
######........
#########


You could see a dart slug.

Vanquished Creatures
  An adder (D:2)
  A dart slug (D:1)
  4 endoplasms
  A giant cockroach (D:1)
  2 goblins (D:1)
  6 hobgoblins
  9 jackals (D:1)
  3 ball pythons (D:1)
  4 bats (D:1)
  2 frilled lizards (D:1)
  2 kobolds (D:1)
  6 rats
41 creatures vanquished.

Notes
Turn   | Place    | Note
-------+----------+-------------------------------------------
     0 | D:1      | H0rd4k the Deep Elf Hedge Wizard began the quest for the
                  | Orb.
     0 | D:1      | Reached XP level 1. HP: 10/10 MP: 7/7
   208 | D:1      | Reached skill level 5 in Spellcasting
   208 | D:1      | Reached XP level 2. HP: 15/15 MP: 0/10
   841 | D:1      | Reached XP level 3. HP: 19/19 MP: 9/12
   844 | D:1      | Learned a level 2 spell: Blink
   848 | D:1      | Learned a level 3 spell: Conjure Flame
   852 | D:1      | Learned a level 3 spell: Mephitic Cloud
  1444 | D:2      | Noticed a necrophage
  1631 | D:2      | Reached skill level 6 in Spellcasting
  1634 | D:2      | Killed from afar by a dart slug

Illustrated notes

Levels and vault maps discovered:
D:1:      lemuel_arrival_behind_the_door_small, layout_basic,
          hangedman_decor_opposing, minmay_misc_feat_diagonals
D:2:      layout_loops_ring, dreamdust_ecumenical_altar_angels_and_demons,
          serial_park_tiny_2

Skill      XL: |  1  2  3 |
---------------+----------+-----
Spellcasting   | 5 6 |  6.0
Dodging        | |  2.7
Stealth        | |  2.4
Conjurations   | |  1.7
Summonings     | |  1.1
Translocations | |  1.1
Fire Magic     | |  0.1
Air Magic      | |  0.2
Poison Magic   | |  0.3

Action                   || total
-------------------------++-------
 Cast: Magic Dart        ||   123
       Conjure Flame     ||     1
Armor: Robe              ||     3
Dodge: Dodged            ||    26
